 Dungeon Crawl Stone Soup version 0.24.0-123-gd5b16e6ec5 (webtiles) character file.

Game seed: 3572828312254638661, levelgen mode: deterministic

2032 Elellon the Cleaver (level 9, -1/75 HPs)
             Began as a Hill Orc Fighter on Jan 2, 2020.
             Was a Follower of Okawaru.
             Slain by an orc
             ... wielding a +0 glaive
              (6 damage)
             ... on level 8 of the Dungeon.
             The game lasted 00:17:13 (6507 turns).

Elellon the Cleaver (Hill Orc Fighter)              Turns: 6507, Time: 00:17:14

Health: -1/75      AC: 10    Str: 22    XL:     9   Next: 24%
Magic:  9/9        EV:  9    Int:  8    God:    Okawaru [*.....]
Gold:   416        SH: 10    Dex: 10    Spells: 8/8 levels left

rFire    + . .     SeeInvis .   E - +5 mace
rCold    . . .     Gourm    .   c - +0 shield
rNeg     + . .     Faith    .   z - +3 ring mail {rF+}
rPois    .         Spirit   .   (no helmet)
rElec    .         Reflect  .   r - +0 cloak
rCorr    .         Harm     .   (no gloves)
MR       .....                  (no boots)
Stlth    +.........             (no amulet)
HPRegen  0.22/turn              n - ring of positive energy
MPRegen  0.11/turn              (no ring)

@: no status effects
A: no striking features
a: Heroism, Renounce Religion


You were on level 8 of the Dungeon.
You worshipped Okawaru.
Okawaru was aware of your devotion.
You were not hungry.

You visited 2 branches of the dungeon, and saw 9 of its levels.

You collected 416 gold pieces.

Inventory:

Hand Weapons
 a - a +0 war axe
 E - a +5 mace (weapon)
Missiles
 s - 30 poisoned darts (quivered)
Armour
 c - a +0 shield (worn)
 r - a +0 cloak (worn)
 z - a +3 ring mail of fire resistance (worn)
 B - a +1 cloak
Jewellery
 n - a ring of positive energy (left hand)
 x - a cursed ring of teleportation {unknown}
Wands
 q - a wand of scattershot (2)
 A - a wand of polymorph (8)
 C - a wand of clouds (4)
Scrolls
 b - a scroll of blinking {unknown}
 g - a scroll of noise {unknown}
 h - 8 scrolls of identify
 k - 3 scrolls of remove curse
 m - 2 scrolls of fear {unknown}
 u - a scroll of immolation {unknown}
 v - 4 scrolls of teleportation {unknown}
 w - a scroll of amnesia {unknown}
 y - a scroll of magic mapping {unknown}
Potions
 d - 2 potions of might
 e - 2 potions of flight {unknown}
 i - a potion of curing {unknown}
 j - a potion of brilliance {unknown}
 l - 5 potions of lignification {unknown}
 o - a potion of heal wounds {unknown}
 p - 2 potions of haste {unknown}
 t - a potion of mutation {unknown}
 D - a potion of magic {unknown}
Comestibles
 f - 13 rations


   Skills:
 + Level 5.9 Fighting
 - Level 11.3(11.5) Axes
 * Level 2.8(6.7) Maces & Flails
 - Level 0.5 Throwing
 + Level 5.4 Armour
 - Level 1.5 Dodging
 - Level 0.3 Stealth
 + Level 5.9 Shields


You had 8 spell levels left.
You didn't know any spells.
Your spell library contained the following spells:

 Spells                   Type           Power        Failure   Level  Hunger
 Confusing Touch          Hex            #.....       91%         1    ##.....
 Sting                    Conj/Pois      #...         91%         1    ##.....
 Summon Small Mammal      Summ           #...         91%         1    ##.....
 Call Imp                 Summ           #.......     97%         2    ###....
 Poisonous Vapours        Pois/Air       #.....       97%         2    ###....
 Call Canine Familiar     Summ           #.......     100%        3    ####...
 Confuse                  Hex            #.......     100%        3    ####...
 Gell's Gravitas          Tloc           #.........   100%        3    ####...
 Mephitic Cloud           Conj/Pois/Air  #.......     100%        3    ####...
 Summon Guardian Golem    Hex/Summ       #.......     100%        3    ####...
 Olgreb's Toxic Radiance  Pois           #.......     100%        4    #####..
 Petrify                  Tmut/Erth      #.......     100%        4    #####..
 Summon Ice Beast         Ice/Summ       #.......     100%        4    #####..
 Summon Lightning Spire   Summ/Air       #.......     100%        4    #####..
 Metabolic Englaciation   Hex/Ice        #.........   100%        5    ######.
 Venom Bolt               Conj/Pois      #.........   100%        5    ######.
 Yara's Violent Unravell  Hex/Tmut       #.........   100%        5    ######.


Dungeon Overview and Level Annotations

Branches:
Dungeon (8/15)             Temple (1/1) D:6
   Lair: D:8-11

Altars:
Ashenzari
Cheibriados
Dithmenos
Elyvilon
Fedhas
Gozag
Hepliaklqana
Kikubaaqudgha
Makhleb
Nemelex Xobeh
Okawaru
Qazlal
Ru
Sif Muna
Trog
Uskayaw
Vehumet
Wu Jian
Xom
Yredelemnul
Zin
The Shining One


Message History

The orc priest threatens, "By the altar or by the axe, you will meet Beogh!"
You hit the orc priest.
You kill the orc priest!
Okawaru accepts your kill. You block the orc's attack.
The orc hits you from afar with a +0 glaive.
* * * LOW HITPOINT WARNING * * *
The orc hits you.
* * * LOW HITPOINT WARNING * * *
You closely miss the orc. The orc hits you with a +0 short sword.
* * * LOW HITPOINT WARNING * * *
The orc hits you but does no damage. The orc barely misses you.
The orc hits you but does no damage.
You sock the orc!
You kill the orc!
Okawaru accepts your kill. You block the orc's attack.
The orc barely misses you. You block the orc's attack.
The orc hits you from afar with a +0 glaive.
You die...

...... #.## ......
...###....#
................###
#...##............#
##................##
#%................## .
#................. #
...##..............# #
......o@#..........#####
.#...o..#.............##
#....))#.............##
........#...............
........####............
......... .....####.....
^..............####.....
....###.................
.... #............##...


You could see 2 orcs.

Vanquished Creatures
  Eustachio (D:5)
  Duvessa (D:6)
  2 orc warriors
  A sky beast (D:7)
  An ice beast (D:7)
  A centaur (D:5)
  A big kobold (D:6)
  Blork the orc (D:5)
  A bullfrog (D:8)
  Dowan (D:6)
  A scorpion (D:5)
  3 wights (D:7)
  A crimson imp (D:6)
  2 jellies (D:5)
  4 orc priests
  A hound (D:8)
  4 orc wizards
  A bullfrog skeleton (D:8)
  3 iguanas
  4 worker ants
  A hound zombie (D:5)
  2 hound skeletons (D:6)
  A worker ant zombie (D:6)
  A howler monkey skeleton (D:5)
  6 adders
  A shadow imp (D:5)
  2 oozes
  3 adder zombies
  4 adder skeletons
  3 worms
  A dart slug (D:2)
  7 leopard geckos
  29 orcs
  7 giant cockroaches
  11 goblins
  8 hobgoblins
  16 jackals
  18 kobolds
  8 quokkas
  4 ball pythons
  8 bats
  7 frilled lizards
  A jackal zombie (D:6)
  6 rats
190 creatures vanquished.

Notes
Turn   | Place    | Note
-------+----------+-------------------------------------------
     0 | D:1      | Elellon the Hill Orc Fighter began the quest for the Orb.
     0 | D:1      | Reached XP level 1. HP: 19/19 MP: 1/1
    43 | D:1      | Reached XP level 2. HP: 27/27 MP: 2/2
   108 | D:1      | Reached skill level 3 in Axes
   208 | D:1      | Reached XP level 3. HP: 33/33 MP: 3/3
   625 | D:2      | Reached skill level 4 in Axes
   648 | D:2      | Reached XP level 4. HP: 40/40 MP: 4/4
  1675 | D:3      | Reached XP level 5. HP: 46/46 MP: 5/5
  1808 | D:4      | Reached skill level 5 in Axes
  2469 | D:4      | Found a shadowy altar of Dithmenos.
  2494 | D:4      | Reached skill level 6 in Axes
  2506 | D:4      | Reached XP level 6. HP: 34/52 MP: 6/6
  3253 | D:5      | Entered Level 5 of the Dungeon
  3263 | D:5      | Noticed Eustachio
  3554 | D:5      | Killed Eustachio
  3554 | D:5      | Reached skill level 7 in Axes
  3554 | D:5      | Reached XP level 7. HP: 60/60 MP: 7/7
  3574 | D:5      | Found a shimmering blue altar of Sif Muna.
  3714 | D:5      | Found a glowing silver altar of Zin.
  3810 | D:5      | Noticed Blork the orc
  3823 | D:5      | Reached skill level 8 in Axes
  3825 | D:5      | Killed Blork the orc
  3825 | D:5      | Reached skill level 1 in Dodging
  4373 | D:6      | Noticed Duvessa
  4373 | D:6      | Noticed Dowan
  4480 | D:6      | Reached skill level 9 in Axes
  4532 | D:6      | Killed Duvessa
  4532 | D:6      | Reached skill level 5 in Shields
  4532 | D:6      | Reached XP level 8. HP: 46/67 MP: 8/8
  4540 | D:6      | Killed Dowan
  4560 | D:6      | Found a staircase to the Ecumenical Temple.
  4615 | Temple   | Entered the Ecumenical Temple
  4810 | Temple   | Became a worshipper of Warmaster Okawaru
  5185 | D:5      | Reached skill level 10 in Axes
  5188 | D:5      | Reached skill level 5 in Fighting
  5190 | D:5      | Reached skill level 5 in Armour
  5969 | D:7      | Reached skill level 11 in Axes
  6118 | D:7      | Reached * piety under Okawaru
  6118 | D:7      | Reached XP level 9. HP: 60/74 MP: 9/9
  6305 | D:8      | Noticed a troll
  6322 | D:7      | Reached skill level 1 in Maces & Flails
  6507 | D:8      | Slain by an orc

Levels and vault maps discovered:
D:1:      minmay_arrival_up_and_down, layout_basic, st_stairs_4
D:2:      layout_loops_ring, kennysheep_small_spiral, minivault_14,
          serial_bayou_lagoon_a, minmay_misc_feat_cross
D:3:      layout_basic
D:4:      layout_loops_cross, first_ration, nicolae_dithmenos_shadow_blocks
D:5:      layout_basic, lemuel_crystal_altar, basic_altar, uniq_eustachio,
          uniq_blork_the_orc
D:6:      cheibrodos_thug_alley, layout_rooms,
          minmay_temple_entry_drinking_statues, uniq_duvessa
D:7:      layout_gridville
D:8:      layout_basic, uniq_maurice
Temple:   minmay_crystal_snake_temple

Skill      XL: |  1  2  3  4  5  6  7  8  9 |
---------------+----------------------------+-----
Axes           | 3 4 6 7 9 11 | 11.3
Fighting       | 4 5 |  5.9
Armour         | 4 5 |  5.4
Shields        | 4 5 |  5.9
Dodging        | 1 |  1.5
Maces & Flails | 2 |  2.8
Throwing       | |  0.5
Stealth        | |  0.3

Action                   |  1- 3 |  4- 6 |  7- 9 || total
-------------------------+-------+-------+-------++-------
Melee: War axe           |    75 |   335 |   241 ||   651
       Mace              |       |       |    57 ||    57
Throw: Dart              |       |     7 |     8 ||    15
  Use: Scroll            |       |     2 |       ||     2
  Eat: Chunk             |       |     5 |     4 ||     9
       Ration            |       |     2 |     1 ||     3
Armor: Scale mail        |    29 |   124 |       ||   153
       Ring mail         |       |    45 |   118 ||   163
Dodge: Dodged            |    30 |   109 |   100 ||   239
Block: Shield            |    51 |   166 |   179 ||   396
